 Dungeon Crawl Stone Soup version 0.31-a0-354-g827e0957a7 (webtiles) character file.

Game seed: 6090786976040812144

10805 GordonOverkill the Frost Mage (level 11, -5/75 HPs)
             Began as a Vampire Delver on July 24, 2023.
             Was a Priest of Vehumet.
             Slain by a white ugly thing (20 damage)
             ... on level 10 of the Dungeon.
             The game lasted 00:41:21 (12477 turns).

GordonOverkill the Frost Mage (Vampire Delver)     Turns: 12477, Time: 00:41:22

Health: -5/75      AC: 11    Str: 11    XL:     11   Next: 41%
Magic:  11/25      EV: 13    Int: 22    God:    Vehumet [***...]
Gold:   625        SH:  0    Dex: 17    Spells: 18/30 levels left

rFire   . . .        a - +3 whip (venom)
rCold   . . .        (no shield)
rNeg    . . .        n - +0 steam dragon scales
rPois   .            (no helmet)
rElec   .            i - +2 cloak
rCorr   .            (no gloves)
SInv    +            h - +2 pair of boots
Will    +....        (no amulet)
Stlth   ++++         C - +6 ring of intelligence
HPRegen 0.52/turn    D - ring of flight
MPRegen 0.19/turn

%: no passive effects
@: flying, very slightly contaminated, healing quickly
A: alive, fangs 3, see invisible, vampiric 2
a: Exsanguinate, Renounce Religion


You were on level 10 of the Dungeon.
You worshipped Vehumet.
Vehumet was most pleased with you.
You visited 1 branch of the dungeon, and saw 10 of its levels.

You collected 637 gold pieces.
You spent 12 gold pieces at shops.

Inventory:

Hand Weapons
 a - a +3 whip of venom (weapon)
 c - the +4 rapier of the Gibberer {freeze, +Blink rElec rF+ Stlth+}
   (You found it on level 10 of the Dungeon)

   rF:        It protects you from fire.
   rElec:     It insulates you from electricity.
   +Blink:    It lets you blink.
   Stlth:     It makes you more stealthy.
 d - a +0 dagger of venom
 A - a +0 club
Missiles
 j - 13 poisoned darts (quivered)
 t - 2 throwing nets
Armour
 h - a +2 pair of boots (worn)
 i - a +2 cloak (worn)
 n - +0 steam dragon scales (worn)
 r - a +1 leather armour of cold resistance
Jewellery
 C - a +6 ring of intelligence (left hand)
 D - a ring of flight (right hand)
Wands
 f - a wand of digging (3)
 w - a wand of flame (7)
Scrolls
 b - 2 scrolls of fog
 g - a scroll of butterflies
 l - a scroll of poison
 m - 2 scrolls of amnesia
 s - 2 scrolls of revelation
 u - 3 scrolls of identify
 v - 2 scrolls of noise {unknown}
 y - a scroll of enchant weapon {unknown}
 z - a scroll of enchant armour
 B - a scroll of teleportation
Potions
 e - 2 potions of mutation
 k - a potion of berserk rage {unknown}
 p - a potion of brilliance
 q - 2 potions of heal wounds {unknown}


   Skills:
 - Level 3.0 Fighting
 - Level 2.0 Short Blades
 - Level 2.0 Maces & Flails
 - Level 1.0 Throwing
 - Level 3.0 Dodging
 - Level 7.3 Stealth
 - Level 2.3 Unarmed Combat
 - Level 10.0 Spellcasting
 - Level 3.0 Conjurations
 + Level 11.8 Ice Magic
 - Level 3.0 Air Magic
 - Level 3.0 Earth Magic
 - Level 3.0 Evocations


You had 18 spell levels left.
You knew the following spells:

 Your Spells              Type           Power      Damage    Failure   Level
a - Ozocubu's Armour      Ice            58%        N/A       1%          3
b - Sandblast             Erth           48%        2d12      1%          1
c - Freezing Cloud        Conj/Ice/Air   18%        6-21      4%          5
d - Stone Arrow           Conj/Erth      48%        3d10      1%          3

Your spell library contained the following spells:

 Spells                   Type           Power      Damage    Failure   Level
 Kiss of Death            Conj/Necr      68%        2d10      1%          1
 Shock                    Conj/Air       96%        1d9       1%          1
 Poisonous Vapours        Pois/Air       34%        N/A       1%          2
 Airstrike                Air            12%        2d(2-18)  4%          4
 Ignite Poison            Fire/Tmut/Pois 11%        N/A       5%          3
 Swiftness                Air            24%        N/A       5%          3
 Sting                    Tmut/Pois      44%        1d5       6%          1
 Cigotuvi's Dreadful Rot  Necr/Pois/Air  30%        N/A       6%          2
 Wereblood                Tmut           11%        N/A       9%          2
 Ozocubu's Refrigeration  Ice            29%        4d13      11%         7
 Olgreb's Toxic Radiance  Pois           11%        N/A       16%         4
 Confusing Touch          Hex            11%        N/A       19%         3
 Summon Guardian Golem    Hex/Summ       11%        N/A       19%         3
 Irradiate                Conj/Tmut      8%         3d14      22%         5
 Animate Dead             Necr           11%        N/A       52%         4
 Dispel Undead            Necr           11%        3d9       52%         4
 Simulacrum               Ice/Necr       18%        N/A       63%         6
 Borgnjor's Vile Clutch   Necr/Erth      8%         N/A       65%         5
 Orb of Destruction       Conj           12%        9d7       96%         7
 Spellforged Servitor     Conj/Summ      8%         N/A       99%         7
 Death Channel            Necr           5%         N/A       100%        6
 Polar Vortex             Ice            29%        12d3*     100%        9


Dungeon Overview and Level Annotations

Branches:
Dungeon (10/15)            Temple (0/1) D:4             Orc (0/2) D:10
   Lair: D:8-11

Altars:
Ashenzari
Fedhas
Hepliaklqana
Qazlal
Trog
Vehumet

Shops:
D:1 =   D:4 :=[*   D:8 *   D:9 (=*!*

Annotations:
D:5 exclusion: upstairs
D:9 2 transporters, syranez's ghost, novice MiBe
D:10 exclusion: boulder beetle


Innate Abilities, Weirdness & Mutations

Your natural rate of healing is accelerated.
You have razor-sharp teeth.
You have supernaturally acute eyesight. (SInv)
You are afflicted with vampirism and can become a bat while bloodless.


Message History

The white ugly thing is moderately wounded.
Casting: Stone Arrow (safe; 1% risk of failure)
Confirm with . or Enter, or press ? or * to list all spells.
Aiming: Stone Arrow (safe; 1% risk of failure)
Press: ? - help, Shift-Dir - straight line, f/p - white ugly thing
Aim: a white ugly thing (moderately wounded, 71% to hit)
You miscast Stone Arrow.
You are very lightly contaminated with residual magic.
Nothing appears to happen.
Casting: Stone Arrow (safe; 1% risk of failure)
Confirm with . or Enter, or press ? or * to list all spells.
Aiming: Stone Arrow (safe; 1% risk of failure)
Press: ? - help, Shift-Dir - straight line, f/p - white ugly thing
Aim: a white ugly thing (moderately wounded, 71% to hit)
The stone arrow hits the white ugly thing!
The white ugly thing is heavily wounded.
The white ugly thing gores you! The white ugly thing freezes you!!
* * * LOW HITPOINT WARNING * * *
Casting: Stone Arrow (safe; 1% risk of failure)
Confirm with . or Enter, or press ? or * to list all spells.
Aiming: Stone Arrow (safe; 1% risk of failure)
Press: ? - help, Shift-Dir - straight line, f/p - white ugly thing
Aim: a white ugly thing (heavily wounded, 71% to hit)
The stone arrow hits the white ugly thing!!
The white ugly thing is severely wounded.
The white ugly thing gores you!
* * * LOW HITPOINT WARNING * * *
The white ugly thing freezes you!
* * * LOW HITPOINT WARNING * * *
Casting: Stone Arrow (safe; 1% risk of failure)
Confirm with . or Enter, or press ? or * to list all spells.
Aiming: Stone Arrow (safe; 1% risk of failure)
Press: ? - help, Shift-Dir - straight line, f/p - white ugly thing
Aim: a white ugly thing (severely wounded, 71% to hit)
The stone arrow hits the white ugly thing!
The white ugly thing is almost dead.
The white ugly thing gores you!
* * * LOW HITPOINT WARNING * * *
The white ugly thing freezes you!!
You die...

#...#....#.....u..#........#.
#........#....^...#........#.
#............######....###...
#........#...#....#...#..###.
#........#........###.#....##
#........#............#......
#......u.#...######...#......
#........#####........#......
#........#..@#....###)#......
#........#..u#....#...#......
#...#....#...#....#...#....##
#...#....#...#....#...#..####
#...#...)#...#....#....####..
#...#.....>..######...###....
#...#............u...[)....#.
#...#.................###....
#...######..............###..


You could see a white ugly thing.

Vanquished Creatures
  A centaur warrior (D:10)
  2 two-headed ogres
  A skyshark (shapeshifter) (D:10)
  Pikel (D:7)
  A cyclops (D:10)
  A manticore (D:10)
  A hornet (D:10)
  A troll (D:9)
  A queen bee (shapeshifter) (D:10)
  Grinder (D:4)
  15 yaks
  A wraith (D:8)
  2 wyverns
  A vampire mosquito (D:10)
  A steam dragon (D:6)
  3 acid dragons
  A water moccasin (D:7)
  An orc warrior (D:9)
  3 sky beasts (D:7)
  4 ice beasts
  3 black bears
  3 centaurs
  A phantom (D:5)
  4 lemures (D:7)
  A kobold brigand (D:9)
  2 gnoll sergeants (D:10)
  4 scorpions
  4 killer bees (D:7)
  8 howler monkeys
  4 electric eels (D:9)
  2 jellies
  5 hounds
  4 orc priests
  2 sleepcaps
  2 iguanas
  7 orc wizards
  6 adders
  A shadow imp (D:7)
  A white imp (D:8)
  An ufetubus (D:6)
  4 worms (D:2)
  4 dart slugs
  19 orcs
  6 endoplasms
  3 giant cockroaches
  7 hobgoblins
  A jackal (D:2)
  4 quokkas
  6 ball pythons
  6 bats
  3 frilled lizards
  5 goblins
  18 kobolds
  5 rats
  A spectral orc (D:8)
200 creatures vanquished.

Vanquished Creatures (collateral kills)
  A scorpion (D:7)
  An orc priest (D:7)
  A white imp (D:7)
  2 orcs (D:7)
  A kobold (D:4)
  A ball python (D:3)
7 creatures vanquished.

Vanquished Creatures (others)
  A wight (D:7)
  An orc priest (D:6)
  An orc (D:6)
3 creatures vanquished.

Grand Total: 210 creatures vanquished

Notes
Turn   | Place    | Note
-------+----------+-------------------------------------------
     0 | D:5      | GordonOverkill the Vampire Delver began the quest for the
                  | Orb.
     0 | D:5      | Reached XP level 1. HP: 17/17 MP: 1/1
    53 | D:6      | Noticed a black bear
   128 | D:5      | Noticed an iguana
   152 | D:5      | Noticed a phantom
   152 | D:5      | Noticed a hound
   205 | D:4      | Noticed a scorpion
   209 | D:4      | Found Ciadiuwn's Antique Armour Boutique.
   219 | D:4      | Noticed a scorpion
   220 | D:4      | Noticed a scorpion
   250 | D:4      | Found Zuxentut's Self-Improvement Boutique.
   251 | D:4      | Noticed a jelly
   254 | D:5      | Noticed Grinder
   289 | D:4      | Found Jiryxal's Jewellery Shoppe.
   449 | D:1      | Reached XP level 2. HP: 23/23 MP: 2/2
   721 | D:1      | Reached skill level 1 in Short Blades
   721 | D:1      | Found Totwecu's One-of-a-Kind Rings.
  1006 | D:2      | Reached skill level 1 in Ice Magic
  1015 | D:2      | Gained mutation: You are afflicted with vampirism and can
                  | become a bat while bloodless. [Vampire growth]
  1015 | D:2      | Reached XP level 3. HP: 28/28 MP: 4/4
  1017 | D:2      | Reached skill level 1 in Spellcasting
  1443 | D:2      | Reached XP level 4. HP: 34/34 MP: 6/6
  2268 | D:3      | Killed a scorpion
  2269 | D:3      | Reached skill level 2 in Ice Magic
  2269 | D:3      | Reached skill level 1 in Evocations
  2278 | D:4      | Reached XP level 5. HP: 26/40 MP: 6/8
  2377 | D:4      | Found Zion's Assorted Antiques.
  2455 | D:4      | Found a radiant altar of Vehumet.
  2464 | D:4      | Reached skill level 3 in Ice Magic
  2465 | D:4      | Became a worshipper of Vehumet
  2525 | D:4      | Reached XP level 6. HP: 26/46 MP: 10/10
  2648 | D:4      | Found a staircase to the Ecumenical Temple.
  3114 | D:4      | Learned a level 3 spell: Ozocubu's Armour
  3125 | D:5      | Paralysed by Grinder for 4 turns
  3357 | D:5      | Noticed an ice beast
  3422 | D:5      | Reached XP level 7. HP: 51/51 MP: 12/12
  3476 | D:5      | Reached skill level 4 in Ice Magic
  3650 | D:6      | Noticed a steam dragon
  3808 | D:6      | Found a broken altar of Ashenzari.
  3858 | D:6      | Found a blossoming altar of Fedhas.
  4017 | D:6      | Found a bloodstained altar of Trog.
  4242 | D:6      | Reached skill level 1 in Maces & Flails
  4242 | D:6      | Reached skill level 5 in Ice Magic
  4317 | D:6      | Reached XP level 8. HP: 56/58 MP: 13/15
  4334 | D:6      | Reached * piety under Vehumet
  4334 | D:6      | Offered knowledge of Sandblast by Vehumet.
  4345 | D:6      | Learned a level 1 spell: Sandblast
  4668 | D:7      | Reached skill level 5 in Spellcasting
  4668 | D:7      | Reached skill level 1 in Earth Magic
  4913 | D:7      | Reached skill level 6 in Ice Magic
  5186 | D:7      | Reached XP level 9. HP: 59/63 MP: 18/18
  5209 | D:7      | Reached skill level 7 in Ice Magic
  5404 | D:7      | Noticed Pikel
  5443 | D:7      | Killed Pikel
  5444 | D:7      | Reached skill level 8 in Ice Magic
  5815 | D:8      | Found Kavu's CLEARANCE SALE!.
  5823 | D:8      | Bought 2 scrolls of identify for 8 gold pieces
  5823 | D:8      | Bought a scroll of identify for 4 gold pieces
  5900 | D:8      | Offered knowledge of Searing Ray by Vehumet.
  5924 | D:8      | Reached ** piety under Vehumet
  6014 | D:8      | Found a stormy altar of Qazlal.
  6576 | D:8      | Found a hazy altar of Hepliaklqana.
  6965 | D:9      | Found Gipipunn's Assorted Antiques.
  6986 | D:9      | Learned a level 5 spell: Freezing Cloud
  6989 | D:9      | Noticed a tengu warrior
  7156 | D:9      | Noticed a two-headed ogre
  7158 | D:9      | Noticed a two-headed ogre
  7345 | D:9      | Reached skill level 9 in Ice Magic
  7403 | D:9      | Reached skill level 1 in Air Magic
  7403 | D:9      | Reached XP level 10. HP: 70/70 MP: 22/22
  7533 | D:9      | Reached skill level 1 in Conjurations
  7663 | D:9      | Found Igiewkakhla's Weapon Boutique.
  7756 | D:9      | Found Zoigomp's Jewellery Shoppe.
  7789 | D:10     | Entered Level 10 of the Dungeon
  8020 | D:10     | Found a staircase to the Orcish Mines.
  8513 | D:10     | Noticed a cyclops
  8534 | D:10     | Killed a cyclops
  8786 | D:10     | Offered knowledge of Stone Arrow by Vehumet.
  8936 | D:10     | Learned a level 3 spell: Stone Arrow
  9274 | D:10     | Noticed a skyshark
  9392 | D:10     | Paralysed by a hornet for 3 turns
  9394 | D:10     | Reached skill level 1 in Throwing
  9481 | D:10     | Identified the +4 rapier of the Gibberer {freeze, +Blink
                  | rElec rF+ Stlth+}
  9525 | D:10     | Noticed a two-headed ogre
  9539 | D:10     | Killed a two-headed ogre
 10151 | D:9      | Killed a two-headed ogre
 10152 | D:9      | Reached skill level 10 in Ice Magic
 10456 | D:9      | Reached XP level 11. HP: 64/75 MP: 24/24
 10490 | D:9      | Reached *** piety under Vehumet
 10687 | D:4      | Killed Grinder
 11574 | D:9      | Found Netit's Distillery.
 11661 | D:9      | Found Eruyluips's General Store.
 11719 | D:9      | Found a bloodstained altar of Trog.
 11720 | D:9      | Found a transporter.
 11721 | D:9      | Noticed syranez's ghost (novice MiBe)
 11721 | D:9      | Noticed a two-headed ogre
 11738 | D:9      | Found a transporter.
 11745 | D:9      | Noticed a two-headed ogre
 11829 | D:10     | Killed a skyshark
 11830 | D:10     | Reached skill level 10 in Spellcasting
 11830 | D:10     | Reached skill level 11 in Ice Magic
 11877 | D:10     | Noticed a white ugly thing
 11877 | D:10     | Noticed a harpy
 11879 | D:10     | a harpy changed into a polar bear
 11880 | D:10     | Identified the ring of Psychosis {rC+ Str-4 Int+3 Slay+2}
 11880 | D:10     | Noticed an orc knight
 12233 | D:10     | Noticed a boulder beetle
 12292 | D:10     | Identified the ring "Heog" {rF- rN+ rCorr MP+9 AC+4 Int+3}
 12292 | D:10     | Noticed a centaur warrior
 12298 | D:10     | Killed a centaur warrior
 12477 | D:10     | Slain by a white ugly thing

Illustrated notes

Levels and vault maps discovered:
D:1:      dpeg_arrival_erosion, layout_rooms, kennysheep_pointless_box,
          grunt_decor_fettered, nicolae_shop_unique_rings
D:2:      layout_rooms, st_stairs_8, supply_closet_lemuel, minmay_quadrilaterals
D:3:      layout_loops_ring, elyvilon_altar_3
D:4:      layout_rooms, nicolae_vehumet_radiance,
          minmay_temple_entry_enclosed_plants, serial_shops, shop,
          nicolae_shop_tiny_waterfront, shop, minivault_14,
          nicolae_shop_self_help
D:5:      layout_rooms, uniq_grinder
D:6:      layout_gridville, mainiacjoe_overflow_tiny_flanked,
          trog_hazing_becter, fedhas_altar_2
D:7:      layout_basic, grunt_ministairs_7, minmay_starry_boxes, uniq_pikel
D:8:      layout_cave_pools, nicolae_hepliaklqana_monster_ancestors,
          mainiacjoe_overflow_24_doors, nicolae_shop_clearance
D:9:      layout_basic, nicolae_tso_carved_into_rock, serial_shops,
          nicolae_square_shop, nicolae_shop_competitors_out_of_business, shop,
          nicolae_shop_tiny_glass, shop, gammafunk_ghost_wrathful_warriors
D:10:     minmay_the_grid_triangle_9x9_rhombus_thin
          [minmay_the_grid_triangle_9x9_wacky_v,
          minmay_the_grid_triangle_9x9_prize_special,
          minmay_the_grid_triangle_9x9_empty,
          minmay_the_grid_triangle_9x9_negative_grid], layout_grid_maze,
          orc_0_dummy

Skill      XL: |  1  2  3  4  5  6  7  8  9 10 11 |
---------------+----------------------------------+-----
Short Blades   | 1 2 |  2.0
Ice Magic      | 1 2 3 5 6 9 10 11 | 11.8
Spellcasting   | 1 2 3 4 6 8 9 10 | 10.0
Evocations     | 1 2 3 |  3.0
Fighting       | 3 |  3.0
Dodging        | 3 |  3.0
Maces & Flails | 1 2 |  2.0
Earth Magic    | 3 |  3.0
Air Magic      | 1 3 |  3.0
Conjurations   | 3 |  3.0
Throwing       | 1 |  1.0
Stealth        | |  7.3
Unarmed Combat | |  2.3

Action                     |  1- 3 |  4- 6 |  7- 9 | 10-12 || total
---------------------------+-------+-------+-------+-------++-------
  Melee: Unarmed           |    17 |       |       |       ||    17
         Dagger            |    92 |   148 |    37 |       ||   277
         Bite              |    13 |    17 |    40 |    26 ||    96
         Punch             |       |     1 |    12 |     5 ||    18
         Whip              |       |       |   314 |   165 ||   479
  Throw: Dart              |       |     3 |    41 |    58 ||   102
   Cast: Ozocubu's Armour  |       |     3 |     1 |    11 ||    15
         Sandblast         |       |       |    60 |     2 ||    62
         Stone Arrow       |       |       |       |    45 ||    45
         Freezing Cloud    |       |       |       |     8 ||     8
  Evoke: Wand              |       |     3 |    19 |    17 ||    39
    Use: Scroll            |     2 |     9 |     8 |     5 ||    24
         Potion            |     1 |     1 |     2 |     2 ||     6
   Stab: Sleeping          |    15 |    11 |     6 |       ||    32
         Distracted        |     1 |       |     1 |     1 ||     3
 Armour: Leather armour    |    44 |    54 |   169 |    17 ||   284
         Steam dragon scal |       |       |       |    50 ||    50
         Skin              |       |       |       |    15 ||    15
  Dodge: Dodged            |    80 |    89 |   264 |   100 ||   533

Table legend: (Time is in decaauts)
 A = Elapsed time spent in this place.
 B = Non-inter-level travel time spent in this place.
 C = Inter-level travel time spent in this place.
 D = Time resting spent in this place.
 E = Time spent auto-exploring this place.
 F = Levels seen in this place.
 G = Mean time per level.
                   A        B        C        D        E       F      G
               +--------+--------+--------+--------+--------+-----+--------+
         Total |  12547 |  11882 |    665 |   3774 |   4021 |  10 | 1254.7 |
       Dungeon |  12547 |  11882 |    665 |   3774 |   4021 |  10 | 1254.7 |
               +--------+--------+--------+--------+--------+-----+--------+

Top non-repeatable levels by time:
    D:10: 2504 daAuts
     D:9: 2077 daAuts
     D:7: 1442 daAuts
     D:8: 1405 daAuts
     D:5: 1286 daAuts
     D:6: 971 daAuts
     D:4: 900 daAuts
     D:2: 729 daAuts
     D:3: 628 daAuts
     D:1: 600 daAuts
